 Dungeon Crawl Stone Soup version 0.19-a0-1051-gdb7e7f8 (webtiles) character file.

7289 FrankyJ the Thaumaturge (level 10, -9/50 HPs)
             Began as a Deep Elf Conjurer on Aug 1, 2016.
             Was a Priest of Sif Muna.
             Mangled by a catoblepas (13 damage)
             ... on level 11 of the Dungeon.
             The game lasted 01:17:46 (16075 turns).

FrankyJ the Thaumaturge (Deep Elf Conjurer)        Turns: 16075, Time: 01:17:46

Health: -9/50      AC:  8    Str:  2 (5)  XL:     10   Next: 89%
Magic:  24/26      EV:  2    Int: 29 (30) God:    Sif Muna [***...]
Gold:   269        SH:  0    Dex: 16      Spells: 4 memorised, 20 levels left

rFire  . . .     SeeInvis .     C - +4 spear of Famine {drain, Int+7}
rCold  . . .     Gourm    .     a - +0 robe
rNeg   + + +     Faith    .     (no shield)
rPois  ∞         Spirit   .     u - +2 hat
rElec  .         Dismiss  .     W - +2 cloak
rCorr  .         Reflect  .     n - +0 pair of gloves
SustAt .         Harm     .     (no boots)
MR     +....                    N - amulet of magic regeneration
Stlth  +++.......               w - ring of poison resistance
                                U - ring of wizardry

@: about to teleport, petrified, somewhat resistant to hostile enchantments,
fairly stealthy
A: no striking features
a: Divine Energy, Channel Magic, Renounce Religion


You were on level 11 of the Dungeon.
You worshipped Sif Muna.
Sif Muna was most pleased with you.
You were not hungry.

You visited 2 branches of the dungeon, and saw 12 of its levels.

You collected 629 gold pieces.
You spent 360 gold pieces at shops.

Inventory:

Hand Weapons
 B - a +6 dagger of freezing
 C - the +4 spear of Famine (weapon) {drain, Int+7}
   (You took it off an orc on level 5 of the Dungeon)

   A truly terrible weapon, it drains the life of those it strikes.
   It affects your intelligence (+7).
 S - a +0 blowgun
Missiles
 s - 64 poisoned needles
 M - 14 tomahawks (quivered)
 O - 2 throwing nets
 R - 4 tomahawks of returning
 X - an exploding tomahawk
Armour
 a - a +0 robe (worn)
 n - a +0 pair of gloves (worn)
 u - a +2 hat (worn)
 y - a cursed +0 leather armour
 H - a +2 robe of positive energy
 P - the +1 leather armour of the Little Devil {*Corrode +Blink rElec SInv}
   (You found it on level 8 of the Dungeon)

   It insulates you from electricity.
   It lets you see invisible.
   It lets you blink.
   It may corrode you when you take damage.
 W - a +2 cloak (worn)
Jewellery
 h - an uncursed amulet of guardian spirit
 w - a ring of poison resistance (right hand)
 N - an amulet of magic regeneration (around neck)
 Q - an uncursed ring of ice
 U - a ring of wizardry (left hand)
 Y - an uncursed ring of sustain attributes
Wands
 m - a wand of slowing (23/48)
 z - a wand of iceblast (8/15)
 G - a wand of lightning (0/15)
Scrolls
 e - 4 scrolls of teleportation
 f - a scroll of fog
 g - a scroll of fear
 k - a scroll of identify
 o - a scroll of recharging
 p - 6 scrolls of remove curse
 J - a scroll of blinking
Potions
 i - 2 potions of agility
 j - a potion of resistance
 r - 3 potions of lignification
 t - a potion of invisibility
 x - a potion of cancellation
 A - 3 potions of curing
 D - a potion of might
 F - a potion of brilliance
 Z - a potion of flight
Books
 b - a book of Conjurations

   Spells                             Type                      Level
   a - Magic Dart                     Conjuration                  1
   b - Searing Ray                    Conjuration                  2
   c - Dazzling Spray                 Conjuration/Hexes            3
   d - Fulminant Prism                Conjuration/Hexes            4
   e - Iskenderun's Mystic Blast      Conjuration                  4
   f - Iskenderun's Battlesphere      Conjuration/Charms           5
 d - a book of Burglary

   Spells                             Type                      Level
   a - Swiftness                      Charms/Air                   2
   b - Passwall                       Transmutation/Earth          2
   c - Passage of Golubria            Translocation                4
   d - Lee's Rapid Deconstruction     Earth                        5
   e - Darkness                       Hexes                        6
   f - Invisibility                   Hexes                        6
 E - a book of Beasts

   Spells                             Type                      Level
   a - Summon Butterflies             Summoning                    1
   b - Call Canine Familiar           Summoning                    3
   c - Summon Ice Beast               Ice/Summoning                4
   d - Summon Mana Viper              Hexes/Summoning              5
   e - Summon Hydra                   Summoning                    7
 K - a book of the Warp

   Spells                             Type                      Level
   a - Recall                         Summoning/Translocation      3
   b - Gell's Gravitas                Hexes/Translocation          3
   c - Force Lance                    Conjuration/Translocation    4
   d - Warp Weapon                    Charms/Translocation         5
   e - Summon Forest                  Summoning/Translocation      5
 V - a book of Annihilations

   Spells                             Type                      Level
   a - Poison Arrow                   Conjuration/Poison           6
   b - Chain Lightning                Conjuration/Air              8
   c - Lehudib's Crystal Spear        Conjuration/Earth            8
   d - Glaciate                       Conjuration/Ice              9
   e - Fire Storm                     Conjuration/Fire             9
Comestibles
 c - 4 bread rations
 l - 5 meat rations
 v - 2 slices of pizza
 I - a beef jerky
 L - 9 fruits


   Skills:
 + Level 9.4 Dodging
 - Level 5.0 Stealth
 + Level 10.8 Spellcasting
 + Level 9.0 Conjurations
 - Level 7.6 Hexes
 + Level 8.6 Summonings


You had 20 spell levels left.
You knew the following spells:

 Your Spells              Type           Power        Failure   Level  Hunger
a - Magic Dart            Conj           ####         1%          1    None
b - Searing Ray           Conj           ######       1%          2    None
c - Fulminant Prism       Conj/Hex       ######....   1%          4    None
d - Call Canine Familiar  Summ           ######..     1%          3    None


Dungeon Overview and Level Annotations

Branches:
Dungeon (11/15)            Temple (1/1) D:7
   Lair: D:8-11         Orc: D:9-12

Altars:
Ashenzari
Cheibriados
Dithmenos
Elyvilon
Fedhas
Gozag
Hepliaklqana
Kikubaaqudgha
Makhleb
Nemelex Xobeh
Okawaru
Pakellas
Qazlal
Ru
Sif Muna
Trog
Uskayaw
Vehumet
Xom
Yredelemnul
Zin
The Shining One
Beogh

Shops:
D:6 =   D:9 *


Message History

The catoblepas is lightly wounded.
You are engulfed in calcifying dust.
The catoblepas gores you!
The searing ray hits the catoblepas.
The catoblepas is lightly wounded.
You are engulfed in calcifying dust.
You are slowing down.
The catoblepas gores you!!
The searing ray hits the catoblepas.
The catoblepas is lightly wounded.
You are engulfed in calcifying dust.
The catoblepas breathes a plume of calcifying dust at you.
The blast of calcifying dust hits you! The catoblepas gores you!!
* * * LOW HITPOINT WARNING * * *
Your limbs are stiffening.
As you read the scroll of teleportation, it crumbles to dust.
You feel strangely unstable.
You are engulfed in calcifying dust.
The catoblepas breathes a plume of calcifying dust at you.
The blast of calcifying dust hits you!
You have turned to stone.
The catoblepas gores you!!
You die...

#########
#.......#
#......<#
#.......#
#.......#
#.......#
##...Y.(.+..
#...@.....)#
#.####+###..


You could see a catoblepas.

Vanquished Creatures
  Harold (D:10)
  An ugly thing (D:9)
  2 two-headed ogres (D:9)
  A wyvern (D:10)
  3 yaks (D:10)
  3 hungry ghosts
  A hippogriff (D:10)
  Menkaure (D:5)
  A water moccasin (D:10)
  An ice beast (D:10)
  3 orc warriors (D:8)
  4 black bears
  2 necrophages
  3 phantoms
  4 ogres
  4 centaurs
  Blork the orc (D:4)
  4 giant frogs
  A big kobold (D:8)
  A wyvern zombie (D:10)
  5 scorpions
  7 wights
  3 howler monkeys
  A quasit (D:9)
  An iron imp (D:4)
  3 orc priests
  8 hounds
  3 jellies
  2 centaur skeletons
  5 orc wizards
  5 iguanas
  8 worker ants
  2 hound zombies (D:8)
  A hound skeleton (D:7)
  2 howler monkey skeletons
  17 adders
  5 gnolls
  A river rat (D:11)
  A shadow imp (D:3)
  3 oozes (D:1)
  An adder zombie (D:7)
  4 worms
  13 dart slugs
  10 giant geckos
  35 orcs
  6 bats
  4 giant cockroaches
  10 goblins
  5 hobgoblins
  3 jackals (D:2)
  6 quokkas
  8 giant newts
  15 kobolds
  A quokka skeleton (D:5)
  5 rats
  A fungus (D:4)
252 creatures vanquished.

Vanquished Creatures (collateral kills)
  A black bear (D:7)
  An orc (D:7)
2 creatures vanquished.

Vanquished Creatures (others)
  An orc (D:4)
  25 fulminant prisms
  A fungus (D:11)
27 creatures vanquished.

Grand Total: 281 creatures vanquished

Notes
Turn   | Place    | Note
-------+----------+-------------------------------------------
     0 | D:1      | FrankyJ the Deep Elf Conjurer began the quest for the Orb.
     0 | D:1      | Reached XP level 1. HP: 10/10 MP: 6/6
    61 | D:1      | Reached XP level 2. HP: 13/15 MP: 0/8
   352 | D:1      | Reached skill level 4 in Spellcasting
   356 | D:1      | Learned a level 2 spell: Searing Ray
   730 | D:1      | Reached XP level 3. HP: 19/19 MP: 3/10
  1095 | D:2      | Found a sparkling altar of Nemelex Xobeh.
  1240 | D:2      | Found a white marble altar of Elyvilon.
  1625 | D:2      | Reached XP level 4. HP: 19/24 MP: 6/12
  1900 | D:2      | Noticed a giant frog
  1909 | D:2      | Killed a giant frog
  1909 | D:2      | Reached skill level 5 in Spellcasting
  1909 | D:2      | Reached skill level 5 in Conjurations
  1909 | D:2      | Reached XP level 5. HP: 28/28 MP: 1/14
  2664 | D:3      | Noticed an ogre
  2670 | D:3      | Killed an ogre
  2782 | D:3      | Reached XP level 6. HP: 32/32 MP: 13/16
  2788 | D:3      | Learned a level 4 spell: Fulminant Prism
  3212 | D:3      | Reached skill level 6 in Spellcasting
  3212 | D:3      | Reached skill level 1 in Hexes
  3474 | D:3      | Reached skill level 5 in Dodging
  4542 | D:3      | Reached XP level 7. HP: 24/36 MP: 14/18
  4898 | D:4      | You fall through a shaft for 2 floors!
  4901 | D:5      | Entered Level 5 of the Dungeon
  5134 | D:5      | Reached skill level 5 in Hexes
  5244 | D:5      | HP: 1/36 [centaur/arrow (4)]
  5608 | D:5      | Noticed Menkaure
  5617 | D:5      | Killed Menkaure
  5978 | D:5      | Reached XP level 8. HP: 40/41 MP: 9/19
  6547 | D:5      | Got a blackened spear {drain}
  7035 | D:4      | Found a stormy altar of Qazlal.
  7077 | D:4      | Found a glowing golden altar of the Shining One.
  7078 | D:4      | Found a shattered altar of Ashenzari.
  7091 | D:4      | Found a sacrificial altar of Ru.
  7123 | D:4      | Noticed Blork the orc
  7277 | D:4      | Killed Blork the orc
  7277 | D:4      | Reached skill level 7 in Spellcasting
  7470 | D:4      | Found a sacrificial altar of Ru.
  7831 | D:4      | Found a shimmering altar of Xom.
  7885 | D:4      | Found a burning altar of Makhleb.
  8235 | D:4      | Found a shadowy altar of Dithmenos.
  8506 | D:5      | Reached skill level 8 in Spellcasting
  8539 | D:6      | Identified the +4 spear of Famine {drain, Int+7} (You took it off an orc on level 5 of the Dungeon)
  8685 | D:6      | Found Pugav's Jewellery Shoppe.
  8968 | D:7      | Found a staircase to the Ecumenical Temple.
  8979 | Temple   | Entered the Ecumenical Temple
  9219 | Temple   | Became a worshipper of Sif Muna the Loreminder
  9289 | D:7      | Learned a level 3 spell: Call Canine Familiar
  9317 | D:7      | Reached skill level 1 in Summonings
  9317 | D:7      | Reached XP level 9. HP: 45/45 MP: 7/23
 10126 | D:8      | Got a twisted leather armour
 10130 | D:8      | Identified the +1 leather armour of the Little Devil {*Corrode +Blink rElec SInv} (You found it on level 8 of the Dungeon)
 10153 | D:8      | Found a snail-covered altar of Cheibriados.
 10803 | D:8      | Reached * piety under Sif Muna
 10803 | D:8      | Reached skill level 5 in Summonings
 11412 | D:8      | Found a roughly hewn altar of Beogh.
 11662 | D:8      | Found an iron altar of Okawaru.
 12155 | D:9      | Noticed a brown ugly thing
 12162 | D:9      | Killed a brown ugly thing
 12162 | D:9      | Reached skill level 9 in Spellcasting
 12162 | D:9      | Reached XP level 10. HP: 41/50 MP: 8/25
 12516 | D:9      | Reached ** piety under Sif Muna
 12731 | D:9      | Found a basalt altar of Yredelemnul.
 12731 | D:9      | Found a sparkling altar of Nemelex Xobeh.
 12881 | D:9      | Found Geik's General Store.
 12961 | D:6      | Bought an uncursed ring of wizardry for 360 gold pieces
 13336 | D:10     | Entered Level 10 of the Dungeon
 13647 | D:10     | Reached skill level 10 in Spellcasting
 14050 | D:10     | Got a brightly glowing glaive
 14051 | D:10     | Identified the +5 glaive "Qimur" {flame, rElec MR++ Dex-5} (You found it on level 10 of the Dungeon)
 14820 | D:11     | Noticed Harold
 14830 | D:10     | HP: 2/50 [Harold/war axe (12)]
 15242 | D:10     | Killed Harold
 15242 | D:10     | Reached *** piety under Sif Muna
 15748 | D:10     | Reached skill level 5 in Stealth
 16069 | D:11     | Noticed a catoblepas
 16075 | D:11     | Mangled by a catoblepas

Vault maps used:
D:1:      erik_arrival_gehennom
D:2:      nicolae_overflow_crystal_walls, nemelex_xobeh_ov_fountains_minmay
D:3:      portal_sewer_entry_d
D:4:      kennysheep_slugbush, nicolae_dithmenos_through_a_glass_darkly,
          lemuel_round_altar, grunt_qazlal_clouds, makhleb_grotto_becter,
          tgw_xom, grunt_temple_overflow_open, nicolae_ru_the_path_less_chosen,
          uniq_blork_the_orc
D:5:      first_bread, hex_medium, hangedman_abyss_or_decor_passed,
          uniq_menkaure
D:6:      serial_shops, nicolae_shop_crystal, minmay_misc_feat_more_columns,
          minivault_19
D:8:      marbit_many_paths, lemuel_doored_altar, special_room
D:9:      gammafunk_temple_overflow_wave, serial_shops, kennysheep_mini_moat
D:11:     grunt_lair_entry_orc_guard_hut, lab_entry_generic, david_nohive_1,
          solitary_fountain, uniq_harold
Temple:   jpeg_temple_alley_garden

Skill      XL: |  1  2  3  4  5  6  7  8  9 10 |
---------------+-------------------------------+-----
Spellcasting   | 4 5 6 8 9 10 | 10.8
Dodging        | 3 4 5 6 9 |  9.4
Conjurations   | 5 6 7 8 9 |  9.0
Hexes          | 3 7 |  7.6
Summonings     | 1 6 8 |  8.6
Stealth        | 5 |  5.0

Action                   |  1- 3 |  4- 6 |  7- 9 | 10-12 || total
-------------------------+-------+-------+-------+-------++-------
Melee: Unarmed           |     2 |       |       |       ||     2
       Short sword       |    13 |    20 |    28 |       ||    61
       Spear             |       |       |    16 |     9 ||    25
 Cast: Magic Dart        |    57 |    29 |    73 |    12 ||   171
       Searing Ray       |     3 |    32 |    90 |    49 ||   174
       Fulminant Prism   |       |       |    13 |    12 ||    25
       Call Canine Famil |       |       |     1 |       ||     1
Evoke: Wand              |       |       |     4 |     2 ||     6
  Use: Scroll            |       |       |    14 |    22 ||    36
       Potion            |       |       |       |     4 ||     4
 Stab: Sleeping          |       |     3 |     1 |     2 ||     6
  Eat: Chunk             |     2 |     9 |    22 |    11 ||    44
       Fruit             |       |       |     1 |     1 ||     2
       Pizza             |       |       |     1 |       ||     1
Armor: Robe              |     5 |    12 |    15 |    18 ||    50
Dodge: Dodged            |    21 |    59 |    92 |   105 ||   277
